PBL
TAMPA BAY RAYS @ NEW YORK YANKEES
07/01/2071
 
TOP OF THE 1ST
Tampa Bay Rays batting - Pitching for New York Yankees : RHP Lane Fifield
Pitching: RHP Lane Fifield
Batting: RHB Ken Potter 0-0: Called Strike
0-1: SINGLE (Groundball, 4MD, EV 93.1 MPH) (infield hit)
Batting: LHB Manuel Gonzáles 0-0: Fly out, F2 (Popup, 2LF, EV 86.9 MPH)
Batting: LHB Oliver Whitley 0-0: Ball
1-0: Foul Ball, location: 2F
1-1: Foul Ball, location: 3F
1-2: Foul Ball, location: 25F
1-2: Foul Ball, location: 2F
1-2: Ball
2-2: Strikes out swinging
Batting: RHB Jorge Baca 0-0: Foul Ball, location: 2F
0-1: Ball
1-1: Ball
2-1: Swinging Strike
2-2: Ground out 4-3 (Groundball, 13, EV 88.8 MPH)
Top of the 1st over - 0 runs, 1 hit, 0 errors, 1 left on base; Tampa Bay 0 - New York 0
BOTTOM OF THE 1ST
New York Yankees batting - Pitching for Tampa Bay Rays : RHP Stuart Black
Pitching: RHP Stuart Black
Batting: RHB José Guillén 0-0: Ball
1-0: Ball
2-0: Called Strike
2-1: Swinging Strike
2-2: Fly out, F9 (Line Drive, 9, EV 93.1 MPH)
Batting: LHB Guillermo Rodríguez 0-0: Ball
1-0: Ball
2-0: Ball
3-0: Called Strike
3-1: SINGLE (Line Drive, 4D, EV 113.1 MPH)
Batting: RHB Wayne Dorsett 0-0: Ball
1-0: Called Strike
1-1: Ball
2-1: Called Strike
2-2: Strikes out swinging
Batting: RHB Matt Marples 0-0: Ball
1-0: Fielders Choice at 2nd, 5-4 (Groundball, 56, EV 87.5 MPH)
Bottom of the 1st over - 0 runs, 1 hit, 0 errors, 1 left on base; Tampa Bay 0 - New York 0
TOP OF THE 2ND
Tampa Bay Rays batting - Pitching for New York Yankees : RHP Lane Fifield
Batting: RHB Tom Pike 0-0: Swinging Strike
0-1: SINGLE (Line Drive, 4MD, EV 94.4 MPH)
Batting: SHB Barry Huffman 0-0: SINGLE (Line Drive, 78S, EV 104.4 MPH)
Tom Pike to second
Batting: RHB Colt Keeling 0-0: Called Strike
0-1: Ball
1-1: Foul Ball, location: 2F
1-2: Grounds into double play, 5-4-3 (Groundball, 56S, EV 90.6 MPH)
Tom Pike to third
Batting: RHB Carlos Cruz 0-0: Ground out 5-3 (Groundball, 56, EV 80.0 MPH)
Top of the 2nd over - 0 runs, 2 hits, 0 errors, 1 left on base; Tampa Bay 0 - New York 0
BOTTOM OF THE 2ND
New York Yankees batting - Pitching for Tampa Bay Rays : RHP Stuart Black
Batting: RHB Wing Rang 0-0: Called Strike
0-1: Hit by Pitch
Batting: SHB Tony Aponte 0-0: Sac Bunt to 2R - play at first, batter OUT! 2-3
Wing Rang to second
Batting: LHB Diego Galindo 0-0: Called Strike
0-1: Foul Ball, location: 2F
0-2: Foul Ball, location: 2F
0-2: Strikes out swinging
Batting: RHB Bartolo Flores 0-0: Ball
1-0: Foul Ball, location: 2F
1-1: Ground out U3 (Groundball, 34S, EV 88.8 MPH)
Bottom of the 2nd over - 0 runs, 0 hits, 0 errors, 1 left on base; Tampa Bay 0 - New York 0
TOP OF THE 3RD
Tampa Bay Rays batting - Pitching for New York Yankees : RHP Lane Fifield
Batting: RHB Paul Robertson 0-0: Swinging Strike
0-1: SINGLE (Line Drive, 8RS, EV 106.9 MPH)
Batting: RHB Ken Potter 0-0: Called Strike
0-1: Ball
1-1: Ball
2-1: Ball
3-1: Sac Bunt to 15 - play at first, batter OUT! 1-3
Paul Robertson to second
Batting: LHB Manuel Gonzáles 0-0: SINGLE (Groundball, 4MD, EV 103.8 MPH)
Paul Robertson to third
Runner from 3rd tries for Home, SAFE, throw by CF to home
Batting: LHB Oliver Whitley 0-0: Foul Ball, location: 2F
0-1: Called Strike
0-2: Ball
1-2: Strikes out swinging
Batting: RHB Jorge Baca 0-0: Called Strike
0-1: Ball
1-1: Swinging Strike
1-2: Foul Ball, location: 5FF
1-2: Fly out, F8 (Flyball, 8LD, EV 104.4 MPH)
Top of the 3rd over - 1 run, 2 hits, 0 errors, 1 left on base; Tampa Bay 1 - New York 0
BOTTOM OF THE 3RD
New York Yankees batting - Pitching for Tampa Bay Rays : RHP Stuart Black
Batting: LHB Dave Welch 0-0: Foul Ball, location: 7LSF
0-1: Swinging Strike
0-2: Foul Ball, location: 2F
0-2: Foul Ball, location: 3DF
0-2: SINGLE (Line Drive, 8RS, EV 111.3 MPH)
Batting: RHB José Guillén 0-0: DOUBLE (Flyball, 8LXD, EV 99.4 MPH)
Dave Welch to third
Batting: LHB Guillermo Rodríguez 0-0: Ball
1-0: Ground out 4-3 (Groundball, 34D, EV 96.9 MPH)
Dave Welch scores
José Guillén to third
Batting: RHB Wayne Dorsett 0-0: Ball
1-0: Foul Ball, location: 5FF
1-1: Foul Ball, location: 9LSF
1-2: Ball
2-2: Fly out, F7 (Flyball, 78S, EV 89.4 MPH)
Batting: RHB Matt Marples 0-0: Foul Ball, location: 3DF
0-1: Ball
1-1: Foul Ball, location: 9LDF
1-2: Strikes out swinging
Bottom of the 3rd over - 1 run, 2 hits, 0 errors, 1 left on base; Tampa Bay 1 - New York 1
TOP OF THE 4TH
Tampa Bay Rays batting - Pitching for New York Yankees : RHP Lane Fifield
Batting: RHB Tom Pike 0-0: Called Strike
0-1: Called Strike
0-2: Ball
1-2: Ball
2-2: Strikes out looking
Batting: SHB Barry Huffman 0-0: Ball
1-0: Called Strike
1-1: Ball
2-1: Fly out, F9 (Flyball, 89M, EV 85.6 MPH)
Batting: RHB Colt Keeling 0-0: Called Strike
0-1: Swinging Strike
0-2: Foul Ball, location: 2F
0-2: Fly out, F8 (Flyball, 8RM, EV 90.6 MPH)
Top of the 4th over - 0 runs, 0 hits, 0 errors, 0 left on base; Tampa Bay 1 - New York 1
BOTTOM OF THE 4TH
New York Yankees batting - Pitching for Tampa Bay Rays : RHP Stuart Black
Batting: RHB Wing Rang 0-0: Ball
1-0: Called Strike
1-1: Swinging Strike
1-2: Strikes out swinging
Batting: SHB Tony Aponte 0-0: Ball
1-0: Ball
2-0: Called Strike
2-1: Reached on error, E4 (Groundball, 4, EV 92.5 MPH)
Batting: LHB Diego Galindo 0-0: Ball
1-0: Foul Ball, location: 7LMF
1-1: Foul Ball, location: 2F
1-2: Ball
2-2: Ball
3-2: SINGLE (Groundball, 34D, EV 93.8 MPH)
Tony Aponte to second
Runner from 2nd tries for 3rd, SAFE, throw by RF made to third
Batting: RHB Bartolo Flores 0-0: Ball
1-0: Swinging Strike
1-1: Swinging Strike
1-2: Ball
2-2: Strikes out looking
Batting: LHB Dave Welch 0-0: Ball
1-0: Swinging Strike
1-1: Called Strike
1-2: Strikes out looking
Bottom of the 4th over - 0 runs, 1 hit, 1 error, 2 left on base; Tampa Bay 1 - New York 1
TOP OF THE 5TH
Tampa Bay Rays batting - Pitching for New York Yankees : RHP Lane Fifield
Batting: RHB Carlos Cruz 0-0: Called Strike
0-1: Ball
1-1: Ball
2-1: Foul Ball, location: 9LMF
2-2: Ball
3-2: Foul Ball, location: 2F
3-2: Strikes out swinging
Batting: RHB Paul Robertson 0-0: Ground out 5-3 (Groundball, 5L, EV 84.4 MPH)
Batting: RHB Ken Potter 0-0: Ground out 1-3 (Groundball, 15S, EV 68.8 MPH)
Top of the 5th over - 0 runs, 0 hits, 0 errors, 0 left on base; Tampa Bay 1 - New York 1
BOTTOM OF THE 5TH
New York Yankees batting - Pitching for Tampa Bay Rays : RHP Stuart Black
Batting: RHB José Guillén 0-0: Ball
1-0: Called Strike
1-1: Ball
2-1: Ball
3-1: Base on Balls
Batting: LHB Guillermo Rodríguez 0-0: Ball
1-0: Ball
2-0: Ball
3-0: Called Strike
3-1: Swinging Strike
3-2: Fly out, F7 (Flyball, 7D, EV 110.6 MPH)
Batting: RHB Wayne Dorsett 0-0: Foul Ball, location: 3FF
0-1: Hit by Pitch
José Guillén to second
Batting: RHB Matt Marples 0-0: Ball
1-0: Ball
2-0: Foul Ball, location: 7LSFF
2-1: 3-RUN HOME RUN (Flyball, 9D, EV 96.3 MPH), Distance : 373 ft
Batting: RHB Wing Rang 0-0: Ball
1-0: Called Strike
1-1: Called Strike
1-2: Foul Ball, location: 2F
1-2: SINGLE (Line Drive, 3D, EV 105.0 MPH)
Batting: SHB Tony Aponte 0-0: Called Strike
0-1: Ball
1-1: SINGLE (Groundball, 34D, EV 103.1 MPH)
Wing Rang to second
Runner from 2nd tries for 3rd, SAFE, throw by RF made to third
Batting: LHB Diego Galindo 0-0: DOUBLE (Flyball, 78D, EV 99.4 MPH)
Wing Rang scores
Tony Aponte to third
Runner from 3rd tries for Home, SAFE, throw by CF to home
Pitching: LHP Johnny Sizemo
Batting: RHB Bartolo Flores 0-0: Ball
1-0: Ball
2-0: Called Strike
2-1: Ball
3-1: Foul Ball, location: 2F
3-2: DOUBLE (Line Drive, 7LS, EV 111.3 MPH)
Diego Galindo scores
Batting: LHB Dave Welch 0-0: SINGLE (Flyball, 89S, EV 93.8 MPH)
Bartolo Flores to third
Batting: RHB José Guillén 0-0: Ball
Dave Welch is caught stealing 2nd base 2-4
1-0: Swinging Strike
1-1: Ground out 6-3 (Groundball, 6, EV 83.1 MPH)
Bottom of the 5th over - 6 runs, 6 hits, 0 errors, 1 left on base; Tampa Bay 1 - New York 7
TOP OF THE 6TH
Tampa Bay Rays batting - Pitching for New York Yankees : RHP Lane Fifield
Batting: LHB Manuel Gonzáles 0-0: Ball
1-0: Swinging Strike
1-1: Called Strike
1-2: Ball
2-2: Strikes out swinging
Batting: LHB Oliver Whitley 0-0: Ball
1-0: Ball
2-0: Foul Ball, location: 25FF
2-1: Ball
3-1: Base on Balls
Batting: RHB Jorge Baca 0-0: Called Strike
0-1: Ball
1-1: Ball
2-1: Called Strike
2-2: Fly out, F3 (Popup, 3F, EV 68.1 MPH)
Batting: RHB Tom Pike 0-0: Ball
1-0: Swinging Strike
1-1: Ball
2-1: Swinging Strike
2-2: Foul Ball, location: 3DF
2-2: Fielders Choice at 2nd, 5-4 (Groundball, 56, EV 100.6 MPH)
Top of the 6th over - 0 runs, 0 hits, 0 errors, 1 left on base; Tampa Bay 1 - New York 7
BOTTOM OF THE 6TH
New York Yankees batting - Pitching for Tampa Bay Rays : LHP Johnny Sizemo
Batting: LHB Guillermo Rodríguez 0-0: Ball
1-0: Ball
2-0: SINGLE (Line Drive, 9LS, EV 97.5 MPH)
Batting: RHB Wayne Dorsett 0-0: Ball
1-0: Ball
2-0: Ball
3-0: Fly out, F9 (Flyball, 9S, EV 81.9 MPH)
Batting: RHB Matt Marples 0-0: Ball
1-0: Ball
2-0: Ball
3-0: Base on Balls
Guillermo Rodríguez to second
Batting: RHB Wing Rang 0-0: Ball
1-0: Ball
2-0: Called Strike
2-1: Foul Ball, location: 9LMF
2-2: Foul Ball, location: 9LMF
2-2: Strikes out swinging
Batting: SHB Tony Aponte 0-0: Foul Ball, location: 9LMF
0-1: Fielders Choice at 2nd, 5-4 (Groundball, 56, EV 96.3 MPH)
Bottom of the 6th over - 0 runs, 1 hit, 0 errors, 2 left on base; Tampa Bay 1 - New York 7
TOP OF THE 7TH
Tampa Bay Rays batting - Pitching for New York Yankees : RHP Lane Fifield
Now in LF: Dave Welch
Now in CF: Anthony Thomas
Batting: SHB Barry Huffman 0-0: Swinging Strike
0-1: Called Strike
0-2: Foul Ball, location: 2F
0-2: Ball
1-2: Foul Ball, location: 25F
1-2: Strikes out swinging
Batting: RHB Colt Keeling 0-0: Foul Ball, location: 2F
0-1: Ball
1-1: Swinging Strike
1-2: Strikes out swinging
Batting: RHB Carlos Cruz 0-0: Fly out, F7 (Flyball, 78D, EV 91.3 MPH)
Top of the 7th over - 0 runs, 0 hits, 0 errors, 0 left on base; Tampa Bay 1 - New York 7
BOTTOM OF THE 7TH
New York Yankees batting - Pitching for Tampa Bay Rays : LHP Johnny Sizemo
Batting: LHB Diego Galindo 0-0: Called Strike
0-1: Ball
1-1: SINGLE (Groundball, 15S, EV 66.9 MPH) (infield hit)
Batting: RHB Bartolo Flores 0-0: Ball
1-0: Fielders Choice at 2nd, 5-4 (Groundball, 56, EV 101.9 MPH)
Batting: LHB Dave Welch 0-0: Called Strike
0-1: Ball
1-1: Ball
2-1: Ball
3-1: Foul Ball, location: 5FF
3-2: Strikes out swinging
Batting: RHB José Guillén 0-0: Ball
1-0: Fly out, F7 (Flyball, 7D, EV 93.1 MPH)
Bottom of the 7th over - 0 runs, 1 hit, 0 errors, 1 left on base; Tampa Bay 1 - New York 7
TOP OF THE 8TH
Tampa Bay Rays batting - Pitching for New York Yankees : RHP Lane Fifield
Batting: RHB Paul Robertson 0-0: Ball
1-0: Called Strike
1-1: Foul Ball, location: 5F
1-2: Fly out, F7 (Flyball, 78M, EV 93.8 MPH)
Pitching: LHP Robin King
Batting: RHB Ken Potter 0-0: Ground out 6-3 (Groundball, 6, EV 89.4 MPH)
Batting: LHB Manuel Gonzáles 0-0: Ball
1-0: Foul Ball, location: 3F
1-1: Fly out, F8 (Flyball, 8RS, EV 88.1 MPH)
Top of the 8th over - 0 runs, 0 hits, 0 errors, 0 left on base; Tampa Bay 1 - New York 7
BOTTOM OF THE 8TH
New York Yankees batting - Pitching for Tampa Bay Rays : LHP Johnny Sizemo
Pitching: LHP Manuel Lituma
Batting: LHB Guillermo Rodríguez 0-0: Ball
1-0: Called Strike
1-1: Fly out, F7 (Flyball, 78D, EV 110.0 MPH)
Batting: RHB Wayne Dorsett 0-0: SINGLE (Groundball, 34D, EV 97.5 MPH)
Batting: RHB Matt Marples 0-0: Ball
1-0: Called Strike
1-1: Swinging Strike
1-2: Ball
2-2: Ball
3-2: Foul Ball, location: 2F
3-2: Fly out, F9 (Flyball, 9D, EV 93.8 MPH)
Batting: LHB Anthony Thomas 0-0: Called Strike
0-1: Called Strike
0-2: Strikes out swinging
Bottom of the 8th over - 0 runs, 1 hit, 0 errors, 1 left on base; Tampa Bay 1 - New York 7
TOP OF THE 9TH
Tampa Bay Rays batting - Pitching for New York Yankees : LHP Robin King
Batting: LHB Oliver Whitley 0-0: Fly out, F6 (Popup, 6, EV 68.1 MPH)
Batting: RHB Jorge Baca 0-0: Ball
1-0: Ball
2-0: Called Strike
2-1: Called Strike
2-2: Foul Ball, location: 9LMF
2-2: Fly out, F9 (Flyball, 89D, EV 101.9 MPH)
Batting: RHB Tom Pike 0-0: Called Strike
0-1: Ball
1-1: Fly out, F9 (Flyball, 9, EV 94.4 MPH)
Top of the 9th over - 0 runs, 0 hits, 0 errors, 0 left on base; Tampa Bay 1 - New York 7
Saturday, April 27th , 2024 - OOTP Baseball 24.10 Build 82